 Dungeon Crawl Stone Soup version 0.29-a0-1065-g47a6bb87d6 (console) character file.

Game seed: 4172490761143206721

13596 odiv the Fighter (level 12, 0/92 HPs)
             Began as a Djinni Warper on Aug 18, 2022.
             Was a Follower of Makhleb.
             Killed from afar by a bog body (20 damage)
             ... with a bolt of cold
             ... on level 2 of the Lair of Beasts on Aug 19, 2022.
             The game lasted 01:04:04 (20950 turns).

odiv the Fighter (Djinni Warper)                   Turns: 20950, Time: 01:04:05

Health: 0/92       AC: 10    Str: 10    XL:     12   Next: 34%
Gold:   725        EV: 16    Int: 18    God:    Makhleb [*.....] SH:  0 Dex: 15

rFire   + + .      SeeInvis .   b - +2 whip (flame)
rCold   + . .      Faith    .   (no shield)
rNeg    . . .      Spirit   .   x - +2 leather armour {rC+}
rPois   ∞          Reflect  .   Z - +2 hat
rElec   .          Harm     .   (no cloak)
rCorr   .          Rampage  .   X - +2 pair of gloves
Will    +....                   (boots unavailable)
Stlth   +.........              (no amulet)
HPRegen 0.25/turn               k - ring of protection from cold
MPRegen 0.00/turn               O - +4 ring of slaying

@: flying, slowed, very slow
A: sickness immunity, fire resistance 2, cold vulnerability 1, float, innate
caster, HP casting, extra vitality 1
a: Renounce Religion


You were on level 2 of the Lair of Beasts.
You worshipped Makhleb.
Makhleb was aware of your devotion.
You visited 3 branches of the dungeon, and saw 13 of its levels.
You also visited: Sewer and Volcano.

You collected 725 gold pieces.

Inventory:

Hand Weapons
 a - a +2 mace of freezing
 b - a +2 whip of flaming (weapon)
 v - a +2 short sword of venom
Missiles
 d - 7 boomerangs of dispersal
 f - 3 javelins
 h - 65 stones
 w - 11 poisoned darts (quivered)
 W - 6 silver javelins
Armour
 x - a +2 leather armour of cold resistance (worn)
 X - a +2 pair of gloves (worn)
 Z - a +2 hat (worn)
Jewellery
 k - a ring of protection from cold (left hand)
 s - a ring of see invisible
 A - a ring of wizardry
 F - a +4 ring of protection
 O - a +4 ring of slaying (right hand)
 S - a ring of protection from fire
Wands
 B - a wand of polymorph (5)
 D - a wand of iceblast (15)
 L - a wand of acid (6)
 U - a wand of paralysis (10)
 Y - a wand of mindburst (15)
Scrolls
 c - 7 scrolls of blinking
 e - 6 scrolls of teleportation
 j - 2 scrolls of poison
 l - a scroll of enchant weapon {unknown}
 p - a scroll of fear {unknown}
 u - a scroll of magic mapping
 y - a scroll of noise {unknown}
 I - a scroll of fog {unknown}
 Q - a scroll of summoning {unknown}
 T - a scroll of torment {unknown}
 V - a scroll of brand weapon {unknown}
Potions
 g - 3 potions of brilliance
 i - 4 potions of curing
 q - a potion of magic {unknown}
 r - a potion of resistance
 t - a potion of invisibility {unknown}
 C - a potion of haste
 K - a potion of might {unknown}
 M - a potion of flight {unknown}
 P - 3 potions of mutation {unknown}


   Skills:
 + Level 10.5 Fighting
 + Level 6.2 Maces & Flails
 - Level 0.7 Throwing
 - Level 1.0 Armour
 + Level 9.3 Dodging
 + Level 9.7 Spellcasting


You had one spell level left.
You knew the following spells:

 Your Spells              Type           Power      Damage    Failure   Level
a - Blink                 Tloc           86%        N/A       1%          2
b - Lesser Beckoning      Tloc           43%        N/A       1%          3
c - Gell's Gravitas       Tloc           43%        N/A       1%          3
d - Teleport Other        Tloc           43%        N/A       1%          3
e - Manifold Assault      Tloc           43%        N/A       6%          5
f - Slow                  Hex            100%       N/A       1%          1
g - Wereblood             Tmut           43%        N/A       1%          2
h - Call Imp              Summ           43%        N/A       1%          2
i - Inner Flame           Hex/Fire       43%        N/A       1%          3
j - Metabolic Englaciati  Hex/Ice        21%        N/A       6%          5
Your spell library was empty.

Dungeon Overview and Level Annotations

Branches:
Dungeon (10/15)            Temple (1/1) D:4            Lair (2/5) D:10
  Swamp (0/4) Lair:2        Sewer (visited)         Volcano (visited)
  Snake: Lair:2-3    Spider: Lair:2-3       Orc: D:9-12

Altars:
Ashenzari
Cheibriados
Dithmenos
Elyvilon
Fedhas
Gozag
Hepliaklqana
Makhleb
Nemelex Xobeh
Okawaru
Qazlal
Ru
Trog
Uskayaw
Wu Jian
Xom
Yredelemnul
Zin
The Shining One

Shops:
D:4 :

Annotations:
D:10 1 transporter, 1 runed translucent door, SirDiesAlot's ghost, novice MiGl


Innate Abilities, Weirdness & Mutations

You are immune to sickness and miasma.
You are immune to poison.
Your flesh is very heat resistant. (rF++)
You are vulnerable to cold. (rC-)
You float through the air rather than walking.
You learn spells naturally, not from books.
Your magical power is your life essence.
You have superior vitality. (+4 MHP)


Message History

Your crimson imp blinks!
The bog body touches you. The bog body freezes you! You resist.
The bog body gestures at you while chanting.
You feel yourself slow down. The bog body casts a spell at you.
The bolt of cold hits your crimson imp!!!
Your crimson imp is frozen!
Your crimson imp dies!
Your crimson imp disappears in a puff of smoke!
The bolt of cold hits you! You resist.
Okay, then.
Casting: Call Imp (safe; 1% risk of failure)
Confirm with . or Enter, or press ? or * to list all spells.
A beastly little devil appears in a puff of flame.
The bog body gestures at you while chanting.
You feel as though you will be slow longer.
Found a wand of iceblast (2).
Your crimson imp barely misses the bog body.
The bog body points at you and mumbles some strange words.
The bolt of cold hits you! You resist.
Aiming: Corrosive Bolt
Press: ? - help, Shift-Dir - straight line, f - bog body
Aim: a bog body (lightly damaged, ally target, 75% to hit)
The bolt of acid hits the bog body!
The acid corrodes the bog body!
The bog body is heavily damaged.
Your crimson imp hits the bog body.
The bog body touches your crimson imp!
Your crimson imp dies!
Your crimson imp disappears in a puff of smoke!
Aiming: Mindburst
Press: ? - help, Shift-Dir - straight line, f/p - bog body
Aim: a bog body (heavily damaged, covered in acid, chance to affect: 47%)
The bog body's mind is blasted!
The bog body casts a spell at you. The bolt of cold hits you! You resist.
* * * LOW HITPOINT WARNING * * *
You completely miss the bog body.
The bog body is almost destroyed.
The bog body gestures at you while chanting.
The bolt of cold hits you!! You resist.
You die...

..##############.....## #P....
### #P....# ##P... #P...## ##...
#....# ##P# ****** ####....## ###
*,**,****####........#
,,,**.#P##...........#
,,,,,....§...........###
,,,,,~♣§...P#.Pn@......#*********
,,,,~§§~§.######........,,,,,*,**
,,,,~~§§~,*,**,........$,,,,,,,,,
**,,~♣♣~~..***#.......##,**,,,,,,
**,,~§♣...**#..#....##****,,,,,,
*,,,.,....##..P*##..# **,,,,,
***,,#,PP#...##* *..#* **,,,,,
***#......#* *./.* *,,,,,*
#.#...#* *,,,* **,,,**


You could see a bog body (corroded).

Vanquished Creatures
  2 two-headed ogres
  Pikel (D:8)
  An ugly thing (D:9)
  A salamander (Volcano)
  A cane toad (Lair:2)
  Maggie (D:8)
  A rime drake (Lair:2)
  Psyche (D:8)
  A komodo dragon (D:7)
  5 blink frogs (Lair:2)
  2 hornets
  A wraith (D:9)
  18 yaks
  A wyvern (D:10)
  7 water moccasins
  An ice beast (D:7)
  4 black bears
  A sky beast (D:6)
  2 ogres (D:5)
  A centaur (D:9)
  6 wolves (Lair:1)
  2 phantoms
  2 necrophages (D:6)
  10 bullfrogs
  7 wights
  6 killer bees
  A howler monkey (D:7)
  A jelly (D:6)
  3 orc priests
  10 hounds
  2 iguanas
  Natasha (twice) (D:4)
  2 orc wizards
  4 gnolls
  7 adders
  A shadow imp (D:8)
  A white imp (D:5)
  3 ufetubi
  A worm (D:5)
  4 dart slugs
  19 orcs
  5 bats
  8 endoplasms
  4 giant cockroaches
  9 goblins
  8 hobgoblins
  19 jackals
  11 quokkas
  7 ball pythons
  10 frilled lizards (D:3)
  4 kobolds
  8 rats
240 creatures vanquished.

Vanquished Creatures (collateral kills)
  A cane toad (Lair:1)
  A blink frog (Lair:1)
  A yak (Lair:1)
  2 water moccasins
  An ogre (D:6)
  A bullfrog (D:7)
  A necrophage (D:6)
  A wight (D:7)
  A howler monkey (D:7)
  A jelly (D:5)
  Natasha (D:4)
  An iguana (D:6)
13 creatures vanquished.

Vanquished Creatures (others)
  A shadow (D:10)
  43 fungi
  64 plants
108 creatures vanquished.

Grand Total: 361 creatures vanquished

Notes
Turn   | Place    | Note
-------+----------+-------------------------------------------
     0 | D:1      | odiv the Djinni Warper began the quest for the Orb.
     0 | D:1      | odiv set off with the following spells memorised: Blink,
                  | Lesser Beckoning, Gell's Gravitas, Teleport Other, Manifold
                  | Assault.
     0 | D:1      | Reached XP level 1. HP: 18/18 MP: 0/0
   141 | D:1      | Reached XP level 2. HP: 22/23 MP: 0/0
   560 | D:1      | Reached XP level 3. HP: 29/29 MP: 0/0
   560 | D:1      | Learned a level 1 spell: Slow
  1365 | D:2      | Found a faded altar of an unknown god.
  1449 | D:2      | Reached skill level 3 in Fighting
  1449 | D:2      | Reached XP level 4. HP: 20/35 MP: 0/0
  2753 | D:3      | Reached XP level 5. HP: 39/41 MP: 0/0
  2753 | D:3      | Learned a level 2 spell: Wereblood
  3030 | D:3      | Reached skill level 4 in Fighting
  3345 | D:3      | Reached XP level 6. HP: 47/47 MP: 0/0
  4869 | D:3      | Reached skill level 5 in Fighting
  4869 | D:3      | Reached XP level 7. HP: 14/54 MP: 0/0
  4869 | D:3      | Learned a level 2 spell: Call Imp
  5362 | D:4      | Found Araeclin's Vocational Training.
  5485 | D:4      | Found a staircase to the Ecumenical Temple.
  5494 | Temple   | Entered the Ecumenical Temple
  5549 | D:4      | Noticed Natasha
  5565 | D:4      | Killed Natasha
  5682 | D:4      | Noticed Natasha
  5701 | D:4      | Killed Natasha
  5703 | D:4      | Noticed Natasha
  6148 | D:4      | Killed Natasha
  6450 | D:5      | Entered Level 5 of the Dungeon
  6459 | D:5      | Found a sacrificial altar of Ru.
  6706 | D:5      | Reached skill level 5 in Spellcasting
  7114 | D:5      | Reached skill level 6 in Fighting
  7405 | D:5      | Found an ornate altar of the Wu Jian Council.
  7455 | D:5      | Reached XP level 8. HP: 52/61 MP: 0/0
  8314 | D:6      | Found a glowing drain.
  8338 | Sewer    | Entered a sewer
  8604 | D:6      | Reached skill level 7 in Fighting
  9009 | D:6      | Found a hide-covered altar of Uskayaw.
  9453 | D:6      | Reached XP level 9. HP: 59/68 MP: 0/0
  9453 | D:6      | Learned a level 3 spell: Inner Flame
  9719 | D:6      | Reached skill level 8 in Fighting
 10165 | D:7      | Noticed a komodo dragon
 10731 | D:6      | HP: 1/71 [killer bee (7)]
 11602 | D:7      | Reached skill level 9 in Fighting
 11740 | D:7      | Killed a komodo dragon
 11897 | D:7      | Reached XP level 10. HP: 73/78 MP: 0/0
 13291 | D:8      | Noticed Pikel
 13320 | D:8      | Killed Pikel
 13321 | D:8      | Reached skill level 5 in Dodging
 14196 | D:8      | Noticed Maggie
 14223 | D:8      | Noticed Psyche
 14394 | D:8      | Noticed a two-headed ogre
 14455 | D:8      | Killed a two-headed ogre
 14934 | D:8      | Killed Psyche
 15051 | D:8      | Killed Maggie
 15052 | D:8      | Reached XP level 11. HP: 33/84 MP: 0/0
 15052 | D:8      | Learned a level 5 spell: Metabolic Englaciation
 15317 | D:8      | Found a burning altar of Makhleb.
 15322 | D:8      | Became a worshipper of Makhleb the Destroyer
 16092 | D:9      | Noticed a brown ugly thing
 16141 | D:9      | Killed a brown ugly thing
 16653 | D:9      | Found a glowing silver altar of Zin.
 16810 | D:10     | Entered Level 10 of the Dungeon
 16904 | D:10     | Noticed a two-headed ogre
 16963 | D:10     | Killed a two-headed ogre
 16964 | D:10     | Reached skill level 5 in Maces & Flails
 16984 | D:10     | Reached * piety under Makhleb
 17249 | D:10     | Found a staircase to the Lair.
 17381 | D:10     | Found a transporter.
 17533 | D:10     | Found a runed translucent door.
 17534 | D:10     | Noticed SirDiesAlot's ghost (novice MiGl)
 17595 | Lair:1   | Entered Level 1 of the Lair of Beasts
 17987 | Lair:1   | Reached skill level 10 in Fighting
 18537 | Lair:1   | Reached XP level 12. HP: 61/91 MP: 0/0
 19352 | Lair:2   | Found a dark tunnel.
 19360 | Volcano  | Entered a volcano
 20934 | Lair:2   | Found a staircase to the Swamp.
 20950 | Lair:2   | Killed from afar by a bog body

Illustrated notes

Levels and vault maps discovered:
D:1:      minmay_arrival_up_and_down, layout_basic,
          hangedman_decor_diamond_cutter
D:2:      kennysheep_big_flooded_room, layout_basic,
          nicolae_ecumenical_pavilion, guppyfry_early_orc_mine
D:3:      minmay_angry_zag, layout_loops_ring, old_standard_altar,
          minmay_misc_feat_doors, minmay_lizard_king
D:4:      layout_cave_pools, lemuel_temple_firewalk_b,
          minmay_misc_feat_secret_circle, st_stairs_5,
          eino_small_chamber_without_monster, nicolae_shop_vocational,
          uniq_natasha
D:5:      layout_loops_ring, chequers_temple_overflow_statue_of_worship,
          hangedman_decor_slide_cut
D:6:      layout_loops_ring, kennysheep_mini, portal_sewer_entry_f
D:7:      layout_gridville, chequers_serial_rivers_room_b, minivault_22,
          chequers_serial_rivers_micro_b, kennysheep_generic_room_6
D:8:      layout_layer_cave, lightli_temple_of_fire, chequers_decorated_corner,
          uniq_pikel, uniq_psyche, uniq_maggie
D:9:      layout_stronghold, zin_statuary, minivault_5, kennysheep_nondescript
D:10:     gammafunk_cloud_chamber, layout_loops_ring,
          due_lair_maze_entry_diamond, serial_shops, shop,
          hellmonk_ghost_big_iron
Temple:   hellmonk_temple_two_chambers
Lair:1:   layout_roguey, serial_bayou_pond_b
Lair:2:   layout_layer_cave, skrybe_swamp_entry_bodies,
          lightli_volcano_entry_magma_tube

Skill      XL: |  1  2  3  4  5  6  7  8  9 10 11 12 |
---------------+-------------------------------------+-----
Spellcasting   | 3 4 5 6 7 8 9 |  9.7
Fighting       | 3 4 5 6 7 9 10 | 10.5
Dodging        | 3 6 8 9 |  9.3
Maces & Flails | 4 5 6 |  6.2
Throwing       | |  0.7
Armour         | |  1.0

Action                   |  1- 3 |  4- 6 |  7- 9 | 10-12 || total
-------------------------+-------+-------+-------+-------++-------
Melee: Mace              |    65 |       |       |    56 ||   121
       Short sword       |    39 |   259 |   345 |    55 ||   698
       Punch             |       |       |     5 |     4 ||     9
       Whip              |       |       |       |   321 ||   321
Throw: Stone             |     6 |    30 |     6 |    19 ||    61
       Dart              |       |       |    14 |    50 ||    64
       Javelin           |       |       |     2 |     6 ||     8
       Boomerang         |       |       |       |    11 ||    11
 Cast: Wereblood         |       |     6 |    10 |     6 ||    22
       Blink             |       |     3 |     5 |     8 ||    16
       Call Imp          |       |       |    27 |    43 ||    70
       Slow              |       |       |     1 |    17 ||    18
       Manifold Assault  |       |       |       |    12 ||    12
       Teleport Other    |       |       |       |     1 ||     1
Evoke: Wand              |       |       |     9 |    26 ||    35
  Use: Scroll            |       |     7 |     5 |     5 ||    17
       Potion            |       |     1 |     1 |     2 ||     4
 Stab: Sleeping          |     2 |       |       |       ||     2
       Distracted        |       |       |     1 |     4 ||     5
       Paralysed         |       |       |       |    22 ||    22
Armor: Leather armour    |    32 |    48 |    77 |    85 ||   242
Dodge: Dodged            |    61 |   141 |   290 |   262 ||   754

Table legend: (Time is in decaauts)
 A = Elapsed time spent in this place.
 B = Non-inter-level travel time spent in this place.
 C = Inter-level travel time spent in this place.
 D = Time resting spent in this place.
 E = Time spent auto-exploring this place.
 F = Levels seen in this place.
 G = Mean time per level.
                   A        B        C        D        E       F      G
               +--------+--------+--------+--------+--------+-----+--------+
         Total |  20997 |  20296 |    701 |   7689 |   8817 |  15 | 1399.8 |
       Dungeon |  17402 |  16735 |    667 |   5794 |   7734 |  10 | 1740.2 |
        Temple |     17 |     13 |      4 |      0 |     10 |   1 |   17.0 |
          Lair |   2954 |   2924 |     30 |   1455 |   1010 |   2 | 1477.0 |
         Sewer |    262 |    262 |      0 |    129 |     63 |   1 |  262.0 |
       Volcano |    360 |    360 |      0 |    311 |      0 |   1 |  360.0 |
               +--------+--------+--------+--------+--------+-----+--------+

Top non-repeatable levels by time:
     D:8: 2709 daAuts
     D:6: 2308 daAuts
     D:7: 1997 daAuts
     D:2: 1873 daAuts
     D:4: 1828 daAuts
     D:3: 1785 daAuts
  Lair:1: 1616 daAuts
     D:1: 1430 daAuts
     D:5: 1427 daAuts
  Lair:2: 1337 daAuts
     D:9: 1269 daAuts
    D:10: 772 daAuts
 Volcano: 360 daAuts
   Sewer: 262 daAuts
  Temple: 17 daAuts
